Map: Radhuset Station LE

Players

Chillytoes

  • Race: Terran Terran
  • Spawn Location: 7:00

SkrechingEmu - Winner!

  • Race: Protoss Protoss
  • Spawn Location: 1:00

VOD

Have the link to the VOD?

Description

Time

  • Played on: Oct. 15, 2023, 10:10 p.m.
  • Length: 36:41
Show
View Real Time Build Order
Export as new Build Order

Chillytoes Terran 

Build Orders: Command Center First 

Get SALT Encoding   

  12  1:40  SCV  
  13  1:58  SCV  
  14  2:10  SCV  
  15  8:11  Supply Depot  
  15  8:33  SCV  
  16  8:43  Supply Depot  
  16  9:06  Supply Depot  
  16  9:38  Supply Depot  
  16  11:45  Command Center  
  16  16:06  SCV  
  16  16:09  SCV  
  18  16:18  SCV  
  19  16:21  SCV  
  20  16:30  SCV  
  21  16:33  SCV  
  22  16:42  SCV  
  22  16:45  SCV  
  24  16:54  SCV  
  24  16:57  SCV  
  26  17:06  SCV  
  27  17:09  SCV  
  28  19:44  Barracks  
  28  19:45  Barracks x2  
  28  19:47  Barracks  
  28  19:48  Barracks  
  28  21:58  Marine  
  29  23:36  Refinery  
  29  23:48  Refinery  
  29  23:57  Refinery  
  29  24:11  Refinery  
  29  25:05  Reaper  
  30  25:15  Reaper  
  30  25:19  Reaper  
  32  25:21  Reaper  
  32  25:37  Reaper  
  32  25:47  Reaper  
  33  26:10  Reaper  
  32  26:19  Reaper  
  31  26:42  Reaper  
  32  27:14  Reaper  
  33  27:26  Marine  
  33  27:27  Marine  
  33  27:29  Marine  
  36  27:31  Marine  
  37  27:44  Marine  
  37  27:45  Marine  
  37  27:46  Marine  
  37  27:47  Marine  
  37  27:49  Marine  
  41  28:02  Marine  
  41  28:03  Marine x2  
  41  28:04  Marine  
  45  28:07  Marine  
  46  28:19  Marine  
  46  28:21  Marine x2  
  46  28:22  Marine  
  46  28:24  Marine  
  51  28:37  Marine  
  51  28:39  Marine x2  
  51  28:40  Marine  
  55  28:42  Marine  
  51  29:43  Marine x2  
  51  29:44  Marine x3  
  56  30:01  Marine x3  
  56  30:02  Marine x2  
  61  30:19  Marine  
  62  32:09  Marine x4  
  62  32:10  Marine  
  37  32:26  Marine  
  37  32:27  Marine x3  
  37  32:28  Marine  
  42  32:44  Marine  
  42  32:45  Marine x4  
  47  33:02  Marine x2  
  47  33:03  Marine x3  
  52  33:20  Marine x2  
  52  33:21  Marine x2  
  52  33:25  Marine  
  57  33:38  Orbital Command, Marine x2  
  57  33:39  Marine x2  
  61  33:42  Marine  
  62  35:02  Marine  
  62  35:03  Marine  
  62  35:04  Marine x3  
  53  35:20  Marine x2  
  50  35:22  Marine x3  
  53  35:38  Marine x2  
  53  35:39  Marine  
  53  35:40  Marine x2  
Show
View Real Time Build Order
Export as new Build Order

SkrechingEmu Protoss - Winner!

Build Orders:  

Get SALT Encoding   

  12  0:21  Probe  
  13  0:35  Probe  
  14  0:49  Probe  
  15  1:03  Assimilator  
  15  1:19  Pylon  
  15  1:37  Probe  
  16  1:44  Gateway  
  16  1:49  Probe  
  17  2:01  Pylon  
  17  2:18  Probe  
  18  2:32  Forge  
  18  2:43  Pylon  
  18  2:45  Probe  
  18  2:46  Zealot  
  21  3:04  Pylon  
  21  3:14  Zealot  
  21  3:18  Nexus  
  23  3:31  Protoss Ground Weapons Level 1  
  23  3:43  Photon Cannon  
  23  3:48  Zealot  
  25  3:51  Cybernetics Core  
  25  4:01  Assimilator  
  25  4:18  Pylon  
  25  4:23  Pylon  
  25  4:26  Pylon, Probe  
  26  4:33  Stalker  
  26  4:38  Probe  
  29  4:42  Warp Gate  
  29  4:50  Probe  
  30  4:55  Probe (Chrono Boost)  
  31  5:03  Stalker (Chrono Boost)  
  33  5:07  Probe (Chrono Boost)  
  34  5:16  Probe (Chrono Boost)  
  35  5:21  Probe  
  35  5:26  Adept (Chrono Boost)  
  38  5:33  Probe  
  39  5:40  Protoss Ground Armor Level 1  
  39  5:46  Probe  
  40  5:53  Adept  
  40  5:56  Assimilator  
  42  5:58  Probe  
  43  6:05  Pylon  
  43  6:09  Pylon  
  43  6:10  Probe  
  44  6:22  Probe  
  44  6:23  Stalker  
  47  6:34  Probe  
  48  6:53  Stalker  
  50  6:57  Protoss Air Weapons Level 1  
  50  7:27  Robotics Facility  
  50  7:48  Probe  
  50  7:50  Robotics Facility  
  51  8:00  Probe  
  51  8:03  Twilight Council  
  52  8:10  Photon Cannon  
  52  8:12  Probe  
  53  8:13  Photon Cannon  
  53  8:15  Photon Cannon  
  53  8:24  Probe  
  54  8:30  Pylon  
  54  8:33  Pylon  
  54  8:37  Probe  
  55  8:48  Immortal  
  59  9:25  Nexus  
  59  9:27  Immortal  
  63  9:43  Blink  
  63  9:47  Immortal  
  67  9:56  Protoss Ground Armor Level 2  
  67  10:16  Robotics Bay  
  67  10:26  Immortal  
  67  10:27  Immortal  
  75  10:45  Protoss Air Armor Level 1  
  75  11:05  Immortal  
  75  11:06  Stargate  
  79  11:18  Pylon  
  79  11:19  Probe (Chrono Boost)  
  80  11:25  Pylon  
  80  11:29  Pylon  
  80  11:30  Assimilator, Probe (Chrono Boost)  
  81  11:34  Probe (Chrono Boost)  
  81  11:38  Extended Thermal Lance  
  82  11:44  Charge  
  82  11:45  Probe  
  83  11:47  Observer  
  84  11:57  Probe  
  85  12:09  Observer  
  85  12:10  Robotics Facility  
  85  12:12  Robotics Facility  
  86  12:21  Protoss Ground Weapons Level 2  
  86  12:30  Observer  
  87  12:59  Colossus  
  87  13:02  Colossus  
  99  13:21  Fleet Beacon  
  99  13:52  Colossus, Probe  
  106  14:04  Probe  
  106  14:05  Colossus  
  106  14:07  Colossus  
  119  14:14  Gravitic Boosters  
  119  14:16  Probe  
  120  14:21  Colossus  
  126  14:46  Colossus  
  132  15:15  Nexus  
  132  15:20  Nexus  
  138  15:29  Mothership (Chrono Boost)  
  138  15:33  Colossus  
  138  15:34  Colossus  
  150  16:39  Assimilator  
  150  16:41  Assimilator  
  150  16:44  Probe  
  151  16:55  Probe  
  151  16:56  Assimilator, Probe  
  151  16:58  Assimilator  
  153  17:07  Probe  
  154  17:08  Probe  
  155  17:19  Probe  
  155  17:20  Probe  
  157  17:31  Probe  
  157  17:33  Probe  
  159  17:43  Probe  
  160  17:45  Probe  
  161  17:55  Probe  
  161  17:56  Resonating Glaives  
  161  17:58  Gravitic Drive, Probe  
  163  18:00  Protoss Ground Weapons Level 3  
  163  18:08  Probe  
  163  18:10  Probe  
  163  18:11  Protoss Air Weapons Level 2  
  165  18:20  Probe  
  165  18:22  Probe  
  167  18:32  Probe  
  169  18:34  Probe  
  169  19:19  Templar Archives  
  169  19:26  Probe  
  170  19:38  Probe x2  
  172  19:50  Probe x2  
  174  20:02  Probe x2  
  174  20:03  Psionic Storm  
  177  20:14  Probe  
  177  20:15  Probe  
  178  20:23  High Templar  
  178  20:26  Probe  
  181  20:45  Protoss Air Armor Level 2  
  181  20:48  Protoss Ground Armor Level 3  
  179  22:19  Observer  
  180  22:41  Observer  
  181  23:08  Phoenix (Chrono Boost)  
  183  23:30  Phoenix (Chrono Boost)  
  185  23:35  Nexus, Protoss Shields Level 1  
  185  23:43  Pylon  
  185  23:46  Pylon  
  201  23:48  Phoenix  
  185  23:49  Pylon  
  185  23:50  Assimilator  
  185  23:52  Assimilator  
  187  24:00  Nexus  
  187  24:03  Assimilator  
  187  24:05  Assimilator  
  187  24:13  Phoenix  
  189  24:38  Phoenix  
  191  24:49  Dark Shrine  
  191  24:51  Gateway  
  191  24:53  Gateway  
  191  24:56  Gateway, Probe (Chrono Boost)  
  191  24:59  Gateway  
  192  25:01  Gateway  
  193  25:07  Probe (Chrono Boost)  
  193  25:12  Probe (Chrono Boost)  
  194  25:23  Probe  
  195  25:35  Probe  
  196  27:32  Probe  
  196  27:35  Probe  
  198  27:44  Probe  
  199  27:47  Probe  
  190  30:07  Pylon  
  190  30:10  Pylon  
  190  30:14  Pylon  
  190  30:16  Nexus  
  190  30:17  Pylon  
  190  30:21  Pylon  
  190  30:24  Assimilator  
  190  30:26  Assimilator, Pylon  
  190  30:31  Nexus  
  190  30:35  Assimilator  
  190  30:37  Assimilator  
  190  30:44  Probe  
  190  30:49  Shadow Stride  
  191  30:56  Probe  
  193  30:57  Probe  
  193  31:08  Probe  
  193  31:09  Probe  
  195  31:20  Probe  
  195  31:21  Probe  
  197  31:32  Probe  
  198  31:33  Probe  
  199  31:45  Probe  
  200  32:32  Pylon  
  200  32:35  Pylon  
  200  32:38  Pylon  
  200  32:40  Pylon  
  200  32:43  Pylon  
  200  32:50  Pylon  
  200  32:52  Pylon  
  200  32:53  Pylon  
  199  33:57  Probe  
  166  35:37  Dark Templar x3  
  166  35:38  Dark Templar x3  
Tags
 
Add a new tag
Caveats
  • Supply blocks, unpowered buildings, or Contaminate may cause inaccurate times.
  • Supply counts are checked every 10 seconds.